 Dungeon Crawl Stone Soup version 0.26.1-2-gb8aa6d0cf2 (webtiles) character file.

Game seed: 2786960578356087162

100 hawla the Conjurer (level 4, 0/33 HPs)
             Began as a Draconian Conjurer on Feb 18, 2021.
             Slain by a phantom (8 damage)
             ... on level 4 of the Dungeon.
             The game lasted 00:02:57 (2203 turns).

hawla the Conjurer (Draconian Conjurer)             Turns: 2203, Time: 00:02:58

Health: 0/33       AC:  5    Str: 10    XL:     4   Next: 46%
Magic:  0/8        EV: 12    Int: 19    God:
Gold:   88         SH:  0    Dex:  9    Spells: 6/9 levels left

rFire    . . .     SeeInvis .   g - +4 hand axe
rCold    . . .     Faith    .   (no shield)
rNeg     . . .     Spirit   .   (armour unavailable)
rPois    .         Reflect  .   a - +0 hat
rElec    .         Harm     .   (no cloak)
rCorr    .         Rampage  .   (no gloves)
Will     .....                  (no boots)
Stlth    ++........             (no amulet)
HPRegen  0.11/turn              (no ring)
MPRegen  0.11/turn              (no ring)

@: brilliant
A: unfitting armour, cold-blooded, AC +5
a: no special abilities


You were on level 4 of the Dungeon.
You visited 1 branch of the dungeon, and saw 3 of its levels.

You collected 88 gold pieces.

Inventory:

Hand Weapons
 g - a +4 hand axe (weapon)
Missiles
 c - 33 poisoned darts
Armour
 a - a +0 hat (worn)
Scrolls
 d - a scroll of random uselessness {unknown}
 f - a scroll of magic mapping {unknown}
Potions
 e - a potion of heal wounds


   Skills:
 - Level 1.7 Dodging
 - Level 1.7 Stealth
 - Level 3.0 Spellcasting
 * Level 5.4 Conjurations


You had 6 spell levels left.
You knew the following spells:

 Your Spells              Type           Power        Failure   Level
a - Magic Dart            Conj           100%         1%          1
b - Searing Ray           Conj           70%          2%          2

Your spell library contained the following spells:

 Spells                   Type           Power        Failure   Level
 Dazzling Flash           Conj/Hex       38%          16%         3
 Fulminant Prism          Conj/Hex       9%           45%         4
 Iskenderun's Mystic Bla  Conj/Tloc      19%          45%         4


Dungeon Overview and Level Annotations

Branches:
Dungeon (2/15)

Altars:


Innate Abilities, Weirdness & Mutations

Your plain brown scales are hard. (AC +5)
You cannot fit into any form of body armour.
You are cold-blooded and may be slowed by cold attacks.


Message History

The phantom hits you.
It was a potion of brilliance.
You feel clever all of a sudden. The phantom closely misses you.
Casting: Searing Ray (safe; 2% risk of failure)
Confirm with . or Enter, or press ? or * to list all spells.
Aiming: Magic Dart (safe; 1% risk of failure)
Press: ? - help, Shift-Dir - straight line, f - phantom
Aim: a phantom (lightly damaged, 0% to evade)
You feel a surge of power!
The magic dart hits the phantom.
The phantom is moderately damaged.
The phantom closely misses you.
You hit the phantom.
The phantom is heavily damaged.
The phantom barely misses you. The phantom hits you.
* * * LOW HITPOINT WARNING * * *
You hit the phantom.
The phantom is heavily damaged.
The phantom hits you!
You die...

.#.....#... .#
.......... ..(
#.......##
!..o##........#
#...........#
#..# ##.##
##))## #@W..#
###.......
......? ....#..
..### . ..# ...
...


You could see a phantom.

Vanquished Creatures
  2 orc priests (D:4)
  2 leopard geckos (D:1)
  2 orcs (D:4)
  9 giant cockroaches
  4 goblins
  3 hobgoblins
  2 kobolds
  A quokka (D:2)
  A ball python (D:2)
  A bat (D:2)
  5 rats
32 creatures vanquished.

Notes
Turn   | Place    | Note
-------+----------+-------------------------------------------
     0 | D:1      | hawla the Draconian Conjurer began the quest for the Orb.
     0 | D:1      | Reached XP level 1. HP: 14/14 MP: 3/3
   485 | D:1      | Reached XP level 2. HP: 19/20 MP: 0/5
  1418 | D:2      | Learned a level 2 spell: Searing Ray
  1770 | D:2      | Reached XP level 3. HP: 26/26 MP: 3/6
  2184 | D:2      | You fall into a shaft and drop 2 floors!
  2185 | D:4      | Noticed a phantom
  2194 | D:4      | Reached skill level 5 in Conjurations
  2195 | D:4      | Reached XP level 4. HP: 19/33 MP: 0/8
  2203 | D:4      | Slain by a phantom

Illustrated notes

Levels and vault maps discovered:
D:1:      psy_arrival_radial01, layout_basic, minmay_worlds_worst_comb
D:2:      layout_basic
D:4:      minmay_spotlight, layout_cave_pools, cheibrodos_sewer_entry_drain

Skill      XL: |  1  2  3  4 |
---------------+-------------+-----
Conjurations   | 5 |  5.4
Spellcasting   | 3 |  3.0
Dodging        | |  1.7
Stealth        | |  1.7

Action                   |  1- 3 |  4- 6 || total
-------------------------+-------+-------++-------
Melee: Unarmed           |    29 |       ||    29
       Tailslap          |     1 |       ||     1
       Hand axe          |     1 |     7 ||     8
 Cast: Magic Dart        |    41 |     1 ||    42
       Searing Ray       |    14 |       ||    14
  Use: Potion            |     1 |     1 ||     2
Armor: Skin              |    15 |     1 ||    16
Dodge: Dodged            |    35 |     5 ||    40
